 Dungeon Crawl Stone Soup version 0.17.0-22-g5edae84 (webtiles) character file.

166 JudasIscariot the Ruffian (level 5, -4/59 HPs)
             Began as a Troll Monk on Nov 12, 2015.
             Slain by a hobgoblin
             ... wielding a +0 club
              (6 damage)
             ... on level 3 of the Dungeon.
             The game lasted 00:05:16 (1655 turns).

JudasIscariot the Ruffian (Troll Monk)              Turns: 1655, Time: 00:05:21

Health: -4/59      AC:  4    Str: 22    XL:     5   Next: 22%
Magic:  3/6        EV: 12    Int:  6    God:
Gold:   90         SH:  0    Dex: 13    Spells: 0 memorised, 4 levels left

rFire  . . .     SeeInvis .       - Unarmed
rCold  . . .     Clarity  .     a - +0 robe
rNeg   . . .     SustAt   +     (no shield)
rPois  .         Gourm    +     (helmet restricted)
rElec  .         Spirit   .     (no cloak)
rCorr  .         Warding  .     (gloves unavailable)
rMut   .         Stasis   .     (boots unavailable)
MR     ++...                    (no amulet)
Stlth  ++........               f - +3 ring of strength
                                d - ring of sustain attributes

@: lethally poisoned (-4 -> -6), very resistant to hostile enchantments,
unstealthy
A: unfitting armour, claws 3, deformed body, fast metabolism 3, gourmand, magic
resistance 2, regeneration 2, shaggy fur 1, tough skin 2
a: no special abilities


You were on level 3 of the Dungeon.
You were very full.

You visited 1 branch of the dungeon, and saw 3 of its levels.

You collected 90 gold pieces.

Inventory:

Armour
 a - a +0 robe (worn)
Jewellery
 d - a ring of sustain attributes (left claw)
 f - a +3 ring of strength (right claw)
Scrolls
 g - a scroll of recharging {unknown}
 k - 3 scrolls of remove curse {unknown}
 m - 7 scrolls of identify {unknown}
 n - 2 scrolls of blinking {unknown}
 o - a scroll of random uselessness {unknown}
 r - a scroll of teleportation {unknown}
 s - 3 scrolls of fear {unknown}
Potions
 j - a potion of flight {unknown}
 p - a potion of might
 q - a potion of brilliance {unknown}
Comestibles
 b - 6 bread rations
 i - a meat ration
 l - a slice of pizza


   Skills:
 * Level 5.7 Fighting
 * Level 6.0 Dodging
 + Level 1.2 Stealth
 * Level 7.8 Unarmed Combat
   Level 3.6 Invocations


You had 4 spell levels left.
You didn't know any spells.

Dungeon Overview and Level Annotations

Branches:
Dungeon (3/15)

Altars:
Gozag


Innate Abilities, Weirdness & Mutations

You are too large for most types of armour.
You have claws for hands.
Your metabolism is lightning-fast.
You like to eat raw meat.
You heal very quickly.
You are covered in fur (AC +1).
You have very tough skin (AC +2).
Armour fits poorly on your strangely shaped body.
You are highly resistant to hostile enchantments.


Message History

Unknown command.
Wield which item (- for none, * to show all)? (? for menu, Esc to quit)
Okay, then.
Drink which item? (? for menu, Esc to quit)
It was a potion of experience.
You feel more experienced!
Your Fighting skill gained 3 levels and is now at level 5!
Your Dodging skill gained 3 levels and is now at level 6!
Your Unarmed Combat skill gained 3 levels and is now at level 7!
Your Invocations skill gained 3 levels and is now at level 3!
You have reached level 5!
* * * LOW HITPOINT WARNING * * *
You feel sick. The hobgoblin misses you.
Drink which item? (? for menu, Esc to quit)
It was a potion of mutation.
You feel extremely strange.
You feel resistant to hostile enchantments.
You feel more resistant to hostile enchantments.
Your body twists and deforms.
* * * LOW HITPOINT WARNING * * *
You feel sick. The hobgoblin hits you with a club.
You die... gggg

.........#
gg.g..........+..
.g...........##.
............##.######
#........g.##......#
####.#+# #....#...<..###
+.....$####'#<#.........
#........####.....#
##.......gg@).....#
#...#######)(....##.#
#.>.................#
#......###(.#+#######
......###.# #..#.####
#.##... ..###........ #
#########....#####
#.##..... #.# #####


You could see 2 hobgoblins.

Vanquished Creatures
  Robin (D:3)
  3 adders (D:2)
  A worm (D:2)
  A giant gecko (D:1)
  A ball python (D:1)
  14 goblins
  A hobgoblin (D:1)
  3 jackals (D:1)
  A quokka (D:2)
  8 bats
  3 giant cockroaches
  6 kobolds
  6 rats
49 creatures vanquished.

Notes
Turn   | Place    | Note
--------------------------------------------------------------
     0 | D:1      | JudasIscariot the Troll Monk began the quest for the Orb.
     0 | D:1      | Reached XP level 1. HP: 22/22 MP: 0/0
   203 | D:1      | Reached XP level 2. HP: 29/29 MP: 1/1
   890 | D:2      | Reached XP level 3. HP: 36/36 MP: 2/2
  1170 | D:2      | Found an opulent altar of Gozag.
  1595 | D:3      | Noticed Robin
  1625 | D:3      | Reached XP level 4. HP: 11/44 MP: 3/3
  1646 | D:3      | Killed Robin
  1654 | D:3      | Reached skill level 5 in Fighting
  1654 | D:3      | Reached skill level 6 in Dodging
  1654 | D:3      | Reached skill level 7 in Unarmed Combat
  1654 | D:3      | Reached XP level 5. HP: 3/59 MP: 3/6
  1655 | D:3      | Gained mutation: You are resistant to hostile enchantments. [potion of mutation]
  1655 | D:3      | Gained mutation: You are highly resistant to hostile enchantments. [potion of mutation]
  1655 | D:3      | Gained mutation: Armour fits poorly on your strangely shaped body. [potion of mutation]
  1655 | D:3      | HP: 2/59 [poisoned by Robin]
  1655 | D:3      | Slain by a hobgoblin

Action                   |  1- 3 |  4- 6 || total
-------------------------+-------+-------++-------
Melee: Unarmed           |    90 |    21 ||   111
  Use: Potion            |       |     4 ||     4
 Stab: Sleeping          |     1 |       ||     1
  Eat: Chunk             |    20 |       ||    20
